 Dungeon Crawl Stone Soup version 0.20.0-6-gd3061e9 (webtiles) character file.

7 Hasart the Vexing (level 1, -1/7 HPs)
             Began as a Felid Enchanter on May 28, 2017.
             Hit by a stone thrown by a kobold (3 damage)
             ... on level 1 of the Dungeon.
             The game lasted 00:00:37 (320 turns).

Hasart the Vexing (Felid Enchanter)                  Turns: 320, Time: 00:00:38

Health: -1/7       AC:  1    Str:  4    XL:     1   Next: 83%
Magic:  4/4        EV: 18    Int: 16    God:
Gold:   18         SH:  0    Dex: 16    Spells: 3/4 levels left
                                        Lives:  0   Deaths: 0

rFire    . . .     SeeInvis +     - Unarmed
rCold    . . .     Gourm    .   (shield unavailable)
rNeg     . . .     Faith    .   (armour unavailable)
rPois    .         Spirit   .   (helmet unavailable)
rElec    .         Reflect  .   (cloak unavailable)
rCorr    .         Harm     .   (gloves unavailable)
MR       .....                  (boots unavailable)
Stlth    +++.......             d - amulet of rage
Regen    0.1/turn               (no ring)
MPRegen  0.1/turn               (no ring)

@: quick
A: no armour, no weapons or thrown items, stealth, claws 1, fangs 3, see
invisible, carnivore 3, speed 1, shaggy fur 1, slow metabolism 1, sharp paws
a: Evoke Berserk Rage


You were on level 1 of the Dungeon.
You were not hungry.

You visited 1 branch of the dungeon, and saw 1 of its levels.

You collected 18 gold pieces.

Inventory:

Jewellery
 d - an amulet of rage (around neck)
Potions
 c - 2 potions of might {unknown}
 e - a potion of curing {unknown}
 f - a potion of mutation {unknown}
Books
 a - a book of Maledictions

   Spells                             Type                      Level
   a - Corona                         Hexes                        1
   b - Ensorcelled Hibernation        Hexes/Ice                    2
   c - Confuse                        Hexes                        3
   d - Tukima's Dance                 Hexes                        3
   e - Dazzling Spray                 Conjuration/Hexes            3
Comestibles
 b - a meat ration


   Skills:
 + Level 2.8 Dodging
 + Level 4.1 Stealth
 + Level 1.2 Unarmed Combat
 + Level 2.1 Spellcasting
 * Level 4.6 Hexes


You had 3 spell levels left.
You knew the following spells:

 Your Spells              Type           Power        Failure   Level  Hunger
a - Corona                Hex            ###....      3%          1    #......


Dungeon Overview and Level Annotations

Branches:
Dungeon (1/15)

Altars:


Innate Abilities, Weirdness & Mutations

You cannot wear armour.
You are incapable of wielding weapons or throwing items.
Your paws allow you to move quietly. (Stealth)
You have sharp claws.
You have razor-sharp teeth.
You have supernaturally acute eyesight. (SInv)
You are carnivorous and can eat meat at any time.
You cover ground quickly.
You are covered in fur. (AC +1)
You have a slow metabolism.
Your sharp claws are effective at attacking unaware monsters.


Message History

You closely miss the kobold. The kobold completely misses you.
You closely miss the kobold. The kobold misses you.
You barely miss the kobold. You bite the kobold, but do no damage.
The kobold completely misses you.
You miss the kobold. The kobold closely misses you.
You scratch the kobold.
The kobold is moderately wounded.
The kobold completely misses you.
You closely miss the kobold. The kobold closely misses you.
You barely miss the kobold. You bite the kobold, but do no damage.
The kobold misses you.
You closely miss the kobold. The kobold hits you.
You miss the kobold. The kobold hits you.
* * * LOW HITPOINT WARNING * * *
You scratch the kobold but do no damage.
The kobold barely misses you.
You scratch the kobold but do no damage.
The kobold closely misses you.
The kobold throws a stone.
The stone hits you.
You die...

.......# ## ..?...# #.
###.....# #. ........#
#######. ........#
#.....#.
#......$##########.#.#.##
.......K+...............)
#......#######.#####.###
........@..........##.# #
#.#..##.####....#..##.#
#. ...##......#..##.#
#.....##.#.#.....##+###
#...#.##.#.#...........
.$............†.........
##.#...##.#.#.##........
#. .. ..#.#.........## #
#####.....#


You could see a kobold.

Vanquished Creatures
  2 bats (D:1)
  A goblin (D:1)
  2 kobolds (D:1)
  A rat (D:1)
6 creatures vanquished.

Notes
Turn   | Place    | Note
-------+----------+-------------------------------------------
     0 | D:1      | Hasart the Felid Enchanter began the quest for the Orb.
     0 | D:1      | Reached XP level 1. HP: 7/7 MP: 4/4
   320 | D:1      | Hit by a stone thrown by a kobold

Action                   || total
-------------------------++-------
Melee: Unarmed           ||    20
       Bite              ||     3
 Stab: Sleeping          ||     4
  Eat: Chunk             ||     1
Armor: Skin              ||     1
Dodge: Dodged            ||    14
